 Dungeon Crawl Stone Soup version 0.28-a0-1510-gd0f6b136d3 (webtiles) character file.

Game seed: 11924897020054552990

359 siradein the Insei (level 6, -1/45 HPs)
             Began as a Djinni Transmuter on Jan 14, 2022.
             Slain by a scorpion (7 damage)
             ... on level 5 of the Dungeon.
             The game lasted 00:07:45 (4657 turns).

siradein the Insei (Djinni Transmuter)              Turns: 4657, Time: 00:07:46

Health: -1/45      AC:  2    Str:  9    XL:     6   Next: 97%
Gold:   144        EV: 21    Int: 17    God:
                   SH:  0    Dex: 18

rFire   . . .      SeeInvis .     - Unarmed
rCold   . . .      Faith    .   (shield currently unavailable)
rNeg    + . .      Spirit   .   (armour currently unavailable)
rPois   ∞          Reflect  .   (helmet currently unavailable)
rElec   .          Harm     .   (cloak currently unavailable)
rCorr   .          Rampage  .   (gloves currently unavailable)
Will    .....                   (boots unavailable)
Stlth   ++........              (no amulet)
HPRegen 0.15/turn               a - ring of positive energy
MPRegen 0.00/turn               (no ring)

@: spider-form, flying
A: venomous fangs, flying, sickness immunity, tiny, (fire resistance 2), (cold
vulnerability 1), float, innate caster, hp casting, extra vitality 1
a: End Transformation


You were on level 5 of the Dungeon.
You were a venomous arachnid creature.
You visited 1 branch of the dungeon, and saw 5 of its levels.

You collected 144 gold pieces.

Inventory:

Hand Weapons
 o - a +2 vorpal spear (melded)
Missiles
 n - a throwing net
Armour
 g - a +2 robe of positive energy (melded)
Jewellery
 a - a ring of positive energy (left front leg)
Scrolls
 b - a scroll of fog
 c - a scroll of blinking
 k - a scroll of fear {unknown}
 m - a scroll of enchant weapon {unknown}
Potions
 d - a potion of berserk rage
 e - a potion of attraction {unknown}
 f - a potion of flight {unknown}
 h - a potion of degeneration {unknown}
 i - 2 potions of curing {unknown}
 j - a potion of resistance {unknown}
 l - a potion of heal wounds {unknown}


   Skills:
 + Level 2.8 Fighting
 + Level 3.7 Dodging
 + Level 4.2 Unarmed Combat
 * Level 3.4 Spellcasting


You couldn't memorise any spells.
You knew the following spells:

 Your Spells              Type           Power      Damage    Failure   Level
a - Beastly Appendage     Tmut           28%        N/A       13%         1
b - Wereblood             Tmut           14%        N/A       17%         2
c - Spider Form           Tmut/Pois      14%        N/A       28%         3
d - Ice Form              Ice/Tmut       14%        N/A       58%         4
e - Shock                 Conj/Air       56%        1d6       13%         1
f - Ensorcelled Hibernat  Hex/Ice        28%        N/A       17%         2
Your spell library was empty.

Dungeon Overview and Level Annotations

Branches:
Dungeon (5/15)
 Temple: D:4-7

Altars:
Sif Muna
The Shining One

Annotations:
D:4 Menkaure


Innate Abilities, Weirdness & Mutations

You are a venomous arachnid creature.
You have poisonous fangs.
You are tiny and dextrous.
You are flying.
Your spellcasting is less reliable in this form.
Your armour is entirely melded.
You are incapable of wielding weapons or throwing items.
You are immune to sickness and miasma.
You are immune to poison.
((Your flesh is very heat resistant. (rF++)))
((You are vulnerable to cold. (rC-)))
You float through the air rather than walking.
You learn spells naturally, not from books.
Your magical power is your life essence.
You have superior vitality. (+4 MHP)


Message History

Menkaure points at you and mumbles some strange words.
You are unaffected.
Menkaure calls on the powers of darkness!
Your body is wracked with pain!
* * * LOW HITPOINT WARNING * * *
The kobold closely misses you. The kobold barely misses you.
Menkaure rustles in an indecipherable tongue.
Found a stone staircase leading down.
The orc priest miscasts a cantrip.
Menkaure's bandages flutter.
An endoplasm comes into view.
The endoplasm quivers.
There is a stone staircase leading down here.
The orc priest looks braver for a moment.
The kobold hits you with a +0 whip.
* * * LOW HITPOINT WARNING * * *
You fly downwards.
Found a sedimented sapphire potion.
Found a stone staircase leading up.
There is a stone staircase leading up here.
You hit the kobold.
You kill the kobold!
A scorpion comes into view.
Casting: Spider Form (dangerous; 12% risk of failure)
Confirm with . or Enter, or press ? or * to list all spells.
You turn into a venomous arachnid creature.
Your +2 vorpal spear melds into your body.
Your +2 robe of positive energy melds into your body.
You feel less protected from negative energy.
* * * LOW HITPOINT WARNING * * *
You hit the scorpion but do no damage. The scorpion completely misses you.
You hit the scorpion.
The scorpion is lightly wounded.
The scorpion stings you.
* * * LOW HITPOINT WARNING * * *
You hit the scorpion.
The scorpion is moderately wounded.
The scorpion closely misses you. The iguana barely misses you.
The scorpion stings you!
You die...

#...............
##..............##
#................##
..................#
..................#
..............<...#
#.................#
#.....<...s......#
#....)..l.s......#
#.................#
#.................#
..................#
..................#
.....##..##..##...#
..... !....... ^..#
.... .... ..


You could see a scorpion and an iguana.

Vanquished Creatures
  An orc warrior (D:4)
  A scorpion (D:2)
  Jessica (D:2)
  3 gnolls (D:3)
  6 adders
  3 dart slugs
  4 orcs (D:3)
  7 ball pythons
  10 endoplasms
  2 giant cockroaches (D:1)
  9 goblins
  7 hobgoblins
  6 jackals
  3 kobolds
  A quokka (D:1)
  6 bats
  7 rats
77 creatures vanquished.

Notes
Turn   | Place    | Note
-------+----------+-------------------------------------------
     0 | D:1      | siradein the Djinni Transmuter began the quest for the Orb.
     0 | D:1      | Reached XP level 1. HP: 17/17 MP: 0/0
   289 | D:1      | Reached XP level 2. HP: 17/22 MP: 0/0
   507 | D:1      | HP: 1/22 [dart slug/slug dart (2)]
   896 | D:1      | Reached XP level 3. HP: 22/27 MP: 0/0
   896 | D:1      | Learned a level 1 spell: Shock
  1397 | D:1      | Found a faded altar of an unknown god.
  1821 | D:2      | Noticed Jessica
  1837 | D:2      | HP: 1/27 [Jessica (3)]
  1838 | D:2      | Killed Jessica
  1839 | D:2      | Reached XP level 4. HP: 4/33 MP: 0/0
  2638 | D:2      | Noticed a scorpion
  2653 | D:2      | Killed a scorpion
  2654 | D:2      | Reached XP level 5. HP: 7/38 MP: 0/0
  2654 | D:2      | Learned a level 2 spell: Ensorcelled Hibernation
  3677 | D:3      | Reached XP level 6. HP: 31/44 MP: 0/0
  3879 | D:3      | Reached skill level 4 in Unarmed Combat
  4570 | D:4      | Noticed an orc warrior
  4589 | D:4      | Found a glowing golden altar of the Shining One.
  4593 | D:4      | Killed an orc warrior
  4609 | D:4      | Noticed Menkaure
  4646 | D:5      | Entered Level 5 of the Dungeon
  4657 | D:5      | Slain by a scorpion

Illustrated notes

Levels and vault maps discovered:
D:1:      noname_arrival_rooms_in_the_neighbourhood, layout_basic,
          shapermc_ecumenical_altar_ellora
D:2:      layout_loops_ring, basic_altar, minmay_misc_feat_rows,
          kennysheep_generic_room_10, uniq_jessica
D:3:      layout_basic
D:4:      layout_basic, mainiacjoe_overflow_boulevard, uniq_grinder,
          uniq_menkaure
D:5:      layout_layer_cave, grunt_dithmenos_smoke, makhleb_grotto_becter,
          minivault_5, hangedman_feature_mirror, nicolae_stop_n_shop_2,
          st_stairs_5, nicolae_grassy_gnolls

Skill      XL: |  1  2  3  4  5  6 |
---------------+-------------------+-----
Spellcasting   | 2 3 |  3.4
Fighting       | 2 |  2.8
Dodging        | 3 |  3.7
Unarmed Combat | 4 |  4.2

Action                   |  1- 3 |  4- 6 || total
-------------------------+-------+-------++-------
Melee: Unarmed           |    51 |    45 ||    96
       Headbutt          |    10 |       ||    10
       Spear             |       |    14 ||    14
 Cast: Beastly Appendage |    11 |       ||    11
       Shock             |    37 |    89 ||   126
       Wereblood         |     1 |     1 ||     2
       Spider Form       |       |     7 ||     7
       Ensorcelled Hiber |       |     1 ||     1
  Use: Scroll            |       |     3 ||     3
Armor: Robe              |    12 |    13 ||    25
Dodge: Dodged            |    32 |    70 ||   102

Table legend: (Time is in decaauts)
 A = Elapsed time spent in this place.
 B = Non-inter-level travel time spent in this place.
 C = Inter-level travel time spent in this place.
 D = Time resting spent in this place.
 E = Time spent auto-exploring this place.
 F = Levels seen in this place.
 G = Mean time per level.
                   A        B        C        D        E       F      G
               +--------+--------+--------+--------+--------+-----+--------+
         Total |   4649 |   4611 |     38 |    540 |   3491 |   5 |  929.8 |
       Dungeon |   4649 |   4611 |     38 |    540 |   3491 |   5 |  929.8 |
               +--------+--------+--------+--------+--------+-----+--------+

Top non-repeatable levels by time:
     D:2: 1900 daAuts
     D:1: 1561 daAuts
     D:3: 1033 daAuts
     D:4: 143 daAuts
     D:5: 10 daAuts
